cohdb
Replays
Latest Replays
All Replays
Popular Replays
Top Player Replays
Match Explorer
How It Works
Community
CoH3 Stats
Reddit
Sign in to upload your games and track your stats! →
Sign in with Steam
Match 40326628
Unlisted
Match 40326628
Overview
Messages
Build Orders
End
Vickers Machine Gun Team
Construct Section Command Post
Selects Canadian Shock Battlegroup
ML 3-inch Mortar Team
Vickers Machine Gun Team
Selects Attacking Spirit
Selects Canadian Shock Section
Canadian Shock Section
Construct Platoon Command Post
CMP 15cwt Truck
Selects Incendiary Munitions
Canadian Shock Section
Canadian Shock Section
Infantry Training
Construct Company Command Post
Selects Pyrotechnics
Canadian Shock Section
Unlock M3 Grant Medium Tanks
M3 Grant Medium Tank
Construct Field Infirmary
Armored Vehicle Training
Selects Churchill Crocodile Heavy Tank
Churchill Crocodile Heavy Tank
M3 Grant Medium Tank
M3 Grant Medium Tank
Old Saint Henderson
SgtSteiner
Joe Bizon
Jun
Defrosted_tuna
Lemminkainen45
BravoTwoZer0
琵琵琶琶
0
0
Comments
sign in to comment!
No comments posted yet!